 Dungeon Crawl Stone Soup version 0.27-a0-1242-ge70438ac7b (webtiles) character file.

Game seed: 7781498819249585028

31335 Delamore the Spear-Bearer (level 13, -1/103 HPs)
             Began as a Formicid Fighter on June 9, 2021.
             Was an Initiate of Gozag.
             Slain by a black mamba (9 damage)
             ... on level 6 of the Lair of Beasts.
             The game lasted 00:23:14 (19360 turns).

Delamore the Spear-Bearer (Formicid Fighter)       Turns: 19360, Time: 00:23:15

Health: -1/103     AC: 17    Str: 32    XL:     13   Next: 95%
Magic:  22/22      EV:  8    Int:  7    God:    Gozag
Gold:   2486       SH: 13    Dex: 12    Spells: 12/12 levels left

rFire    + . .     SeeInvis +   r - +2 trident (flame)
rCold    + . .     Faith    .   c - +1 kite shield
rNeg     . . .     Spirit   .   D - +0 chain mail
rPois    +         Reflect  .   (helmet unavailable)
rElec    +         Harm     .   o - +0 cloak
rCorr    .         Rampage  .   M - +2 pair of gloves of the Hidden Vale {-Tele rElec Str+2 Dex+2}
Will     +....                  u - +0 pair of boots
Stlth    ..........             t - amulet "Vaazuafi" {RegenMP Fly rC+ Str+3}
HPRegen  0.27/turn              n - ring of poison resistance
MPRegen  0.43/turn              C - ring "Quod" {rF+ MP+9 Stlth+}

@: flying
A: permanent stasis, dig shafts and tunnels, antennae 3, four strong arms
a: Dig, Shaft Self, Renounce Religion, Potion Petition, Call Merchant, Bribe
Branch


You were on level 6 of the Lair of Beasts.
You worshipped Gozag.
Gozag was most pleased with you.
You visited 2 branches of the dungeon, and saw 14 of its levels.
You also visited: Ice Cave and Volcano.

You collected 2796 gold pieces.
You spent 236 gold pieces at shops.
You paid 74 gold pieces to Gozag.

Inventory:

Hand Weapons
 a - a +1 trident of chaos
 r - a +2 trident of flaming (weapon)
Missiles
 p - 3 boomerangs
 y - 23 poisoned darts
 E - 14 javelins (quivered)
Armour
 c - a +1 kite shield (worn)
 o - a +0 cloak (worn)
 u - a +0 pair of boots (worn)
 D - a +0 chain mail (worn)
 M - the +2 pair of gloves of the Hidden Vale (worn) {-Tele rElec Str+2 Dex+2}
   (You found it in an ice cave)

   It affects your strength (+2).
   It affects your dexterity (+2).
   It insulates you from electricity.
   It prevents most forms of teleportation.
Jewellery
 n - a ring of poison resistance (left hand)
 t - the amulet "Vaazuafi" (around neck) {RegenMP Fly rC+ Str+3}
   (You found it on level 5 of the Dungeon)

   [amulet of magic regeneration]

   It increases your rate of magic regeneration.
   It affects your strength (+3).
   It protects you from cold.
   It grants you flight.
 v - a ring of protection from fire
 C - the ring "Quod" (right hand) {rF+ MP+9 Stlth+}
   (You found it on level 1 of the Lair of Beasts)

   [ring of magical power]

   It protects you from fire.
   It affects your magic capacity (+9).
   It makes you more stealthy.
Wands
 i - a wand of charming (13)
 l - a wand of paralysis (1)
 q - a wand of digging (2)
 w - a wand of acid (35)
 z - a wand of flame (1)
 J - a wand of iceblast (26)
Scrolls
 h - a scroll of vulnerability
 j - a scroll of identify
 k - 4 scrolls of immolation
 A - 4 scrolls of enchant weapon
 G - a scroll of summoning
 I - a scroll of blinking
Potions
 b - 2 potions of magic
 d - 6 potions of might
 e - 3 potions of curing
 g - 7 potions of attraction
 m - 4 potions of mutation
 s - 2 potions of degeneration
 x - 5 potions of brilliance
 B - 2 potions of invisibility {unknown}
 F - a potion of cancellation {unknown}
 K - a potion of resistance {unknown}
 L - a potion of lignification {unknown}
Miscellaneous
 f - a phantom mirror


   Skills:
 - Level 10.0 Fighting
 - Level 14.0 Polearms
 - Level 10.0 Throwing
 - Level 10.0 Armour
 - Level 7.9 Shields
 + Level 8.9 Evocations


You had 12 spell levels left.
You didn't know any spells.
Your spell library contained the following spells:

 Spells                   Type           Power      Damage    Failure   Level
 Animate Skeleton         Necr           0%         N/A       91%         1
 Corona                   Hex            0%         N/A       91%         1
 Freeze                   Ice            0%         1d3       91%         1
 Pain                     Necr           0%         1d4       91%         1
 Ensorcelled Hibernation  Hex/Ice        0%         N/A       97%         2
 Confusing Touch          Hex            0%         N/A       99%         3
 Dazzling Flash           Conj/Hex       0%         N/A       99%         3
 Frozen Ramparts          Ice            0%         1d2       99%         3
 Ozocubu's Armour         Ice            0%         N/A       99%         3
 Tukima's Dance           Hex            0%         N/A       99%         3
 Vampiric Draining        Necr           0%         2d6       99%         3
 Animate Dead             Necr           0%         N/A       100%        4
 Hailstorm                Conj/Ice       0%         3d3       100%        4
 Ice Form                 Ice/Tmut       0%         N/A       100%        4
 Summon Ice Beast         Ice/Summ       0%         N/A       100%        4
 Agony                    Necr           0%         N/A       100%        5
 Metabolic Englaciation   Hex/Ice        0%         N/A       100%        5
 Freezing Cloud           Conj/Ice/Air   0%         6-21      100%        6
 Simulacrum               Ice/Necr       0%         N/A       100%        6
 Ozocubu's Refrigeration  Ice            0%         4d5       100%        7


Dungeon Overview and Level Annotations

Branches:
Dungeon (8/15)             Temple (0/1) D:7            Lair (6/6) D:8
 Shoals (0/4) Lair:3        Snake (0/4) Lair:4        Slime (0/5) Lair:5
  IceCv (visited)         Volcano (visited)

Altars:
Cheibriados
Elyvilon
Gozag
Kikubaaqudgha
Makhleb
Nemelex Xobeh
Okawaru
Ru
Wu Jian
Xom
Zin
The Shining One
Jiyva

Shops:
D:2 !(=   D:5 ((::*

Annotations:
Lair:5 3 runed translucent doors, Kiguq's ghost, journeyman VSSu


Innate Abilities, Weirdness & Mutations

You cannot be hasted, slowed, berserked, paralysed or teleported.
You can dig through walls and to a lower floor.
You have a pair of large antennae on your head. (SInv)
Your four strong arms can wield two-handed weapons with a shield.


Message History

The water moccasin is engulfed in calcifying dust.
The water moccasin is moving more slowly.
You block the water moccasin's attack.
You see here a +4 ring mail.
The water moccasin stops moving altogether!
You extend your mandibles.
You dig through the rock wall.
You dig through the rock wall.
The catoblepas breathes a plume of calcifying dust at you.
The blast of calcifying dust hits the plant!
The plant begins to die.
The blast of calcifying dust hits you but does no damage.
An eight-headed hydra comes into view.
You retract your mandibles.
A black mamba comes into view.
The black mamba hisses angrily.
The eight-headed hydra roars!
You hear a roar!
Found an escape hatch in the ceiling.
You block the black mamba's attack. You block the black mamba's attack.
A water moccasin comes into view.
The black mamba bites you.
* * * LOW HITPOINT WARNING * * *
Found a wand of acid (10).
You block the black mamba's attack. The black mamba bites you!
* * * LOW HITPOINT WARNING * * *
The black mamba bites you!
* * * LOW HITPOINT WARNING * * *
Okay, then.
Okay, then.
You feel better. The black mamba closely misses you.
The water moccasin closely misses you. You block the black mamba's attack.
The water moccasin bites you.
* * * LOW HITPOINT WARNING * * *
As you read the scroll of summoning, it crumbles to dust.
Wisps of shadow whirl around you... You block the black mamba's attack.
The water moccasin bites you but does no damage.
The black mamba bites you!
You die...
Your body crumbles into a pile of gold.

##............
#..............
#..P............
#...PP...........
#.............../.
#......F...........
#...S..l...........
#.#...@S.............
#.....S.............
##....PD.....P........
#..#..P.....##.......
##.#.................
.....P...S..........P
.............##.P....
.#...........#........
#.#.........#....#....


You could see an eight-headed hydra, a black mamba, 2 water moccasins, a
friendly cane toad (summoned), a friendly basilisk (summoned) and a friendly
water moccasin (summoned).

Vanquished Creatures
  A boulder beetle (Lair:4)
  2 hydras
  A catoblepas (Lair:4)
  A sun demon (Volcano)
  A necromancer (IceCv)
  An ugly thing (Volcano)
  An orc sorcerer (Volcano)
  8 elephants
  A merfolk siren (Lair:3)
  An ice statue (IceCv)
  2 black mambas (Lair:4)
  A smoke demon (Volcano)
  A rime drake (Lair:3)
  10 freezing wraiths (IceCv)
  Maggie (D:6)
  5 cane toads
  4 komodo dragons
  A troll (D:8)
  2 red devils (Volcano)
  A wolf spider simulacrum (IceCv)
  5 polar bears
  A dream sheep (Lair:4)
  24 blink frogs
  14 yaks
  8 fire bats
  Eustachio (D:6)
  A wyvern (D:7)
  2 basilisks (Lair:1)
  Menkaure (D:7)
  A hell hound (Volcano)
  9 water moccasins
  An acid dragon (D:8)
  7 ice beasts
  An orc warrior (D:7)
  A tengu (Lair:2)
  3 ogres (D:5)
  11 wolves
  2 centaurs
  A phantom (D:4)
  15 bullfrogs
  A gnoll sergeant (D:8)
  4 killer bees (D:8)
  5 electric eels (D:8)
  A howler monkey (D:4)
  6 lava snakes (Volcano)
  2 draconian simulacra (IceCv)
  3 bullfrog zombies
  9 hounds
  A gnoll shaman (D:6)
  A jelly (D:7)
  3 bullfrog skeletons
  2 orc priests
  Ijyb (D:3)
  A scorpion zombie (D:5)
  An iguana (D:5)
  7 orc wizards
  A polar bear simulacrum (IceCv)
  2 wolf simulacra (IceCv)
  8 troll simulacra (IceCv)
  4 centaur simulacra (IceCv)
  A hound skeleton (D:4)
  Robin (D:3)
  11 gnolls
  2 howler monkey zombies
  8 adders
  An ogre simulacrum (IceCv)
  5 naga simulacra (IceCv)
  12 white imps (IceCv)
  An ufetubus (D:5)
  An adder zombie (D:5)
  An adder skeleton (D:5)
  4 dart slugs
  17 orcs
  2 ball pythons
  4 endoplasms
  3 giant cockroaches
  16 goblins
  11 hobgoblins
  3 jackals
  4 kobolds
  3 quokkas
  4 bats
  3 frilled lizards (D:2)
  6 rats
342 creatures vanquished.

Vanquished Creatures (collateral kills)
  2 yaks (Lair:6)
  2 water moccasins (Lair:6)
4 creatures vanquished.

Vanquished Creatures (others)
  An orc (D:8)
  A quokka (D:7)
  19 fungi
  30 plants
51 creatures vanquished.

Grand Total: 397 creatures vanquished

Notes
Turn   | Place    | Note
-------+----------+-------------------------------------------
     0 | D:1      | Delamore the Formicid Fighter began the quest for the Orb.
     0 | D:1      | Reached XP level 1. HP: 18/18 MP: 1/1
    86 | D:1      | Reached XP level 2. HP: 24/24 MP: 2/2
   540 | D:1      | Reached XP level 3. HP: 26/30 MP: 3/3
   803 | D:2      | Reached skill level 3 in Polearms
   826 | D:2      | Found a shimmering altar of Xom.
   903 | D:2      | Found Baura's Distillery.
  1037 | D:2      | Bought a potion of curing for 36 gold pieces
  1118 | D:2      | Reached XP level 4. HP: 37/37 MP: 4/4
  1167 | D:2      | Found Nippaz's Jewellery Boutique.
  1368 | D:2      | Found Wutrur's Weapon Emporium.
  1604 | D:2      | Found a faded altar of an unknown god.
  1745 | D:3      | Noticed Robin
  1753 | D:3      | Noticed Ijyb
  1806 | D:3      | Killed Ijyb
  1807 | D:3      | Reached skill level 4 in Polearms
  1807 | D:3      | Reached XP level 5. HP: 27/43 MP: 5/5
  1821 | D:3      | Killed Robin
  2408 | D:3      | Reached skill level 5 in Fighting
  2963 | D:4      | Reached XP level 6. HP: 49/51 MP: 6/6
  3275 | D:4      | Reached skill level 9 in Polearms
  3275 | D:4      | Reached XP level 7. HP: 56/56 MP: 7/7
  3877 | D:4      | Found an opulent altar of Gozag.
  3877 | D:4      | Found a sparkling altar of Nemelex Xobeh.
  3888 | D:4      | Became a worshipper of Gozag Ym Sagoz the Greedy
  4667 | D:5      | Entered Level 5 of the Dungeon
  4667 | D:5      | Found a sacrificial altar of Ru.
  4667 | D:5      | Found an ancient bone altar of Kikubaaqudgha.
  4742 | D:5      | Found Byunas's General Store.
  4745 | D:5      | Identified the amulet "Vaazuafi" {RegenMP Fly rC+ Str+3}
  4850 | D:5      | Found Haufo's Book Shoppe.
  4869 | D:5      | Reached XP level 8. HP: 62/62 MP: 8/8
  4888 | D:5      | Found Xeezix's Book Boutique.
  4893 | D:5      | Found Kimuni's Antique Weapon Boutique.
  4938 | D:5      | Reached skill level 10 in Polearms
  5174 | D:5      | Found a glowing silver altar of Zin.
  5183 | D:5      | Found a burning altar of Makhleb.
  5233 | D:5      | Noticed an angel
  5235 | D:5      | Noticed an Executioner
  5336 | D:5      | Found Laotry's Weapon Shop.
  5444 | D:6      | Noticed Maggie
  5453 | D:6      | Killed Maggie
  5455 | D:6      | Reached XP level 9. HP: 68/68 MP: 9/9
  5889 | D:6      | Reached skill level 11 in Polearms
  6001 | D:6      | Noticed Eustachio
  6018 | D:6      | Killed Eustachio
  6512 | D:6      | Found a faded altar of an unknown god.
  6512 | D:6      | Found a glowing golden altar of the Shining One.
  6520 | D:6      | Found an ornate altar of the Wu Jian Council.
  6522 | D:6      | Found a faded altar of an unknown god.
  6526 | D:6      | Found an iron altar of Okawaru.
  6893 | D:7      | Found a staircase to the Ecumenical Temple.
  7000 | D:7      | Noticed Menkaure
  7023 | D:7      | Killed Menkaure
  7024 | D:7      | Reached XP level 10. HP: 49/74 MP: 10/10
  7319 | D:7      | Found a white marble altar of Elyvilon.
  7654 | D:8      | Reached skill level 12 in Polearms
  8675 | D:8      | Found a staircase to the Lair.
  9087 | D:5      | Bought a scroll of brand weapon for 200 gold pieces
  9159 | Lair:1   | Entered Level 1 of the Lair of Beasts
  9159 | Lair:1   | Noticed a cane toad
  9167 | D:8      | Killed a cane toad
  9207 | Lair:1   | Reached skill level 13 in Polearms
  9336 | Lair:1   | Noticed a cane toad
  9351 | Lair:1   | Killed a cane toad
  9354 | Lair:1   | Reached XP level 11. HP: 59/79 MP: 11/11
  9643 | Lair:1   | Identified the ring "Quod" {rF+ MP+9 Stlth+}
 10401 | Lair:1   | Reached skill level 14 in Polearms
 10404 | Lair:1   | Reached skill level 1 in Throwing
 11240 | Lair:2   | Reached skill level 5 in Throwing
 11464 | Lair:2   | Noticed a six-headed hydra
 11490 | Lair:2   | Killed a six-headed hydra
 12278 | Lair:3   | Reached XP level 12. HP: 80/86 MP: 12/12
 13400 | Lair:3   | Reached skill level 10 in Throwing
 13459 | Lair:3   | Found a staircase to the Shoals.
 13566 | Lair:3   | Reached skill level 1 in Evocations
 13921 | Lair:4   | Found a dark tunnel.
 13930 | Volcano  | Entered a volcano
 14332 | Volcano  | Noticed a sun demon
 14400 | Volcano  | Killed a sun demon
 14401 | Volcano  | Reached skill level 10 in Armour
 14462 | Volcano  | Reached XP level 13. HP: 52/95 MP: 13/13
 14646 | Volcano  | Found a burning altar of Makhleb.
 14677 | Volcano  | Found a burning altar of Makhleb.
 15224 | Lair:4   | Found a staircase to the Snake Pit.
 15403 | Lair:4   | Noticed a boulder beetle
 15417 | Lair:4   | Killed a boulder beetle
 15418 | Lair:4   | Reached skill level 5 in Evocations
 15507 | Lair:5   | Noticed a five-headed hydra
 15520 | Lair:5   | Killed a five-headed hydra
 15877 | Lair:5   | Noticed Kiguq's ghost (journeyman VSSu)
 15898 | Lair:5   | Found a runed translucent gate.
 15898 | Lair:5   | Found a runed translucent gate.
 15898 | Lair:5   | Found a runed translucent gate.
 15983 | Lair:5   | Found a frozen archway.
 15992 | IceCv    | Entered an ice cave
 17338 | IceCv    | Identified the +2 pair of gloves of the Hidden Vale {-Tele
                  | rElec Str+2 Dex+2}
 18004 | IceCv    | Found an ancient bone altar of Kikubaaqudgha.
 18187 | Lair:4   | Noticed a catoblepas
 18240 | Lair:4   | Killed a catoblepas
 18781 | Lair:5   | Found a viscous altar of Jiyva.
 18781 | Lair:5   | Found a staircase to the Slime Pits.
 18933 | Lair:5   | Found a snail-covered altar of Cheibriados.
 19082 | Lair:6   | Entered Level 6 of the Lair of Beasts
 19110 | Lair:6   | Noticed a catoblepas
 19238 | Lair:5   | Reached skill level 10 in Fighting
 19346 | Lair:6   | Noticed an eight-headed hydra
 19358 | Lair:6   | HP: 3/103 [black mamba (10)]
 19360 | Lair:6   | Slain by a black mamba

Illustrated notes

Levels and vault maps discovered:
D:1:      zaba_arrival_water, layout_rooms, serial_forest,
          infiniplex_forest_lined_corner, infiniplex_forest_clump_diagonal,
          infiniplex_forest_clump_tiny, infiniplex_forest_3_way,
          infiniplex_forest_straight_4, infiniplex_forest_end_2,
          infiniplex_forest_clump_large, infiniplex_forest_straight_1
D:2:      layout_basic, hellmonk_ecumenical_altar_blasted, serial_shops,
          nicolae_shop_behind_doors, shop_fountains, shop, basic_altar
D:3:      layout_loops_ring, uniq_ijyb, uniq_robin
D:4:      layout_layer_cave, grunt_temple_overflow_opulence
D:5:      layout_rooms, grunt_temple_overflow_order_and_chaos_2,
          chequers_temple_overflow_statue_of_worship, serial_shops, shop, shop,
          nicolae_shop_competitors_out_of_business, nicolae_shop_statue_plus,
          nicolae_shop_trees, grunt_ministairs_12, st_stairs_2
D:6:      layout_loops_ring, chequers_temple_overflow_minitemple, uniq_maggie,
          uniq_eustachio
D:7:      layout_loops_ring, elyvilon_altar_4, minmay_temple_entry_wispy,
          uniq_menkaure
D:8:      layout_loops_cross, erik_lair_island
Lair:1:   layout_regular_city
Lair:2:   layout_cave_pods, serial_bayou_shore_b
Lair:3:   layout_loops_ring, minmay_shoals_entry_lonely_mermaid, minivault_25
Lair:4:   layout_gridlike, dummy_snake_entry, nicolae_volcano_entry_batcave,
          kennysheep_catoblepas_arena
Lair:5:   layout_long_grid, slime_altar_1, portal_ice_cave_entry_pillars_2,
          basic_altar, gammafunk_ghost_icy
Lair:6:   gammafunk_lair_ancient_temple, layout_cave_shapes,
          guppyfry_lair_drakes

Skill      XL: |  1  2  3  4  5  6  7  8  9 10 11 12 13 |
---------------+----------------------------------------+-----
Polearms       | 3 4 9 10 11 13 14 | 14.0
Fighting       | 4 5 6 10 | 10.0
Shields        | 7 |  7.9
Armour         | 9 10 | 10.0
Throwing       | 7 10 | 10.0
Evocations     | 4 8 |  8.9

Action                   |  1- 3 |  4- 6 |  7- 9 | 10-12 | 13-15 || total
-------------------------+-------+-------+-------+-------+-------++-------
Melee: Trident           |    99 |   178 |   333 |   742 |   511 ||  1863
Throw: Dart              |       |       |       |    28 |     3 ||    31
       Boomerang         |       |       |       |       |     7 ||     7
       Javelin           |       |       |       |       |     3 ||     3
 Abil: Dig               |       |     6 |     3 |    16 |    17 ||    42
Evoke: Wand              |       |     1 |     3 |    12 |     4 ||    20
  Use: Scroll            |     5 |     3 |     4 |     8 |     3 ||    23
       Potion            |       |     1 |       |     4 |     2 ||     7
 Stab: Paralysed         |       |       |     6 |       |    10 ||    16
       Distracted        |       |       |       |     3 |     3 ||     6
       Petrifying        |       |       |       |     1 |       ||     1
       Petrified         |       |       |       |     2 |       ||     2
Armor: Scale mail        |    31 |    70 |    12 |       |       ||   113
       Ring mail         |       |       |    49 |       |       ||    49
       Chain mail        |       |       |    13 |   151 |   133 ||   297
Dodge: Dodged            |    25 |    62 |    60 |   112 |    77 ||   336
Block: Kite shield       |    46 |    97 |   102 |   284 |   175 ||   704

Table legend: (Time is in decaauts)
 A = Elapsed time spent in this place.
 B = Non-inter-level travel time spent in this place.
 C = Inter-level travel time spent in this place.
 D = Time resting spent in this place.
 E = Time spent auto-exploring this place.
 F = Levels seen in this place.
 G = Mean time per level.
                   A        B        C        D        E       F      G
               +--------+--------+--------+--------+--------+-----+--------+
         Total |  18958 |  18238 |    720 |   2613 |  12595 |  16 | 1184.9 |
       Dungeon |   9157 |   8721 |    436 |    597 |   6703 |   8 | 1144.6 |
          Lair |   7076 |   6792 |    284 |    946 |   4795 |   6 | 1179.3 |
      Ice Cave |   1989 |   1989 |      0 |    996 |    609 |   1 | 1989.0 |
       Volcano |    735 |    735 |      0 |     74 |    488 |   1 |  735.0 |
               +--------+--------+--------+--------+--------+-----+--------+

Top non-repeatable levels by time:
   IceCv: 1989 daAuts
  Lair:2: 1718 daAuts
     D:4: 1696 daAuts
     D:8: 1470 daAuts
  Lair:1: 1430 daAuts
  Lair:3: 1400 daAuts
     D:3: 1314 daAuts
  Lair:5: 1274 daAuts
     D:6: 1175 daAuts
  Lair:4: 1091 daAuts
     D:7: 938 daAuts
     D:2: 920 daAuts
     D:1: 823 daAuts
     D:5: 820 daAuts
 Volcano: 735 daAuts
